 Dungeon Crawl Stone Soup version 0.31.0-32-g396128a36d (webtiles) character file.

Game seed: 72182957033276842

66 PriceMaster the Apothecary (level 4, -2/40 HPs)
             Began as an Octopode Alchemist on Apr 22, 2024.
             Slain by Grinder (3 damage)
             ... on level 3 of the Dungeon.
             The game lasted 00:02:01 (1801 turns).

PriceMaster the Apothecary (Octopode Alchemist)     Turns: 1801, Time: 00:02:03

Health: -2/40      AC: 22    Str:  7    XL:     4   Next: 15%
Magic:  6/7        EV:  2    Int: 19    God:
Gold:   115        SH:  0    Dex: 12    Spells: 3/7 levels left

rFire   . . .        b - +1 mace (protect)
rCold   . . .        (no shield)
rNeg    . . .        (helmet currently unavailable)
rPois   +            (no amulet)
rElec   .            (no ring)
rCorr   .            (no ring)
SInv    .            (no ring)
Will    .....        (no ring)
Stlth   ++           (no ring)
HPRegen 0.26/turn    (no ring)
MPRegen 0.10/turn    (no ring)
                     (no ring)

%: no passive effects
@: mighty, tree-form
A: stationary, stasis, torment immunity, boosted hp, almost no armour,
(amphibious), 8 rings, (camouflage 1), (gelatinous body 1), (nimble swimmer 1),
(tentacles)
a: no special abilities


You were on level 3 of the Dungeon.
You were a tree.
You visited 1 branch of the dungeon, and saw 3 of its levels.

You collected 115 gold pieces.

Inventory:

Hand Weapons
 b - a +1 mace of protection (weapon)
Scrolls
 d - 4 scrolls of identify {unknown}
 f - 4 scrolls of vulnerability {unknown}
Potions
 a - a potion of enlightenment {unknown}
 e - a potion of might


   Skills:
 + Level 0.8 Fighting
 + Level 0.7 Maces & Flails
 + Level 2.4 Dodging
 + Level 3.4 Stealth
 + Level 0.1 Unarmed Combat
 + Level 2.3 Spellcasting
 + Level 1.3 Conjurations
 + Level 4.0 Alchemy


You had 3 spell levels left.
You knew the following spells:

 Your Spells              Type           Power      Damage    Failure   Level
a - Sting                 Conj/Alch      48%        1d6       5%          1
b - Mephitic Cloud        Conj/Alch/Air  9%         N/A       24%         3

Your spell library contained the following spells:

 Spells                   Type           Power      Damage    Failure   Level
 Mercury Vapours          Alch/Air       18%        N/A       11%         2
 Olgreb's Toxic Radiance  Alch           17%        N/A       30%         4
 Sticky Flame             Fire/Alch      9%         2d5       56%         4


Dungeon Overview and Level Annotations

Branches:
Dungeon (2/15)

Altars:
Trog

Annotations:
D:3 Grinder


Innate Abilities, Weirdness & Mutations

You are a tree.
Your roots penetrate the ground, keeping you stationary.
You cannot be teleported.
You are immune to unholy pain and torment.
Your maximum health is greatly increased.
You cannot wear most types of armour.
((You are amphibious.))
You can wear up to eight rings at the same time.
((Your skin changes colour to match your surroundings (Stealth+).))
((Your rubbery body absorbs attacks. (AC +1, EV +1)))
((You are camouflaged when in or above water. (Stealth+)))
((You have tentacles for arms and can constrict up to eight enemies at once.))


Message History

The ribbon worm is severely wounded.
The sting hits the ribbon worm.
The ribbon worm looks as sick as possible!
The ribbon worm is almost dead.
You kill the ribbon worm!
You can't see any susceptible monsters within range! (Use Z to cast anyway.)
You can't see any susceptible monsters within range! (Use Z to cast anyway.)
Okay, then.
You see here a ribbon worm corpse.
You open the door.
There is an open door here.
Found a stone staircase leading up.
There is a stone staircase leading up here.
Found a bloodstained altar of Trog.
Grinder comes into view.
Grinder is nearby!
You closely miss Grinder. Your grab misses Grinder.
Your squeeze misses Grinder. Grinder hits you!
Flames erupt from the bowels of the wizard!
Trog roars with satisfaction!
Casting: Sting (safe; 5% risk of failure)
Confirm with . or Enter, or press ? or * to list all spells.
Aiming: Sting (safe; 5% risk of failure)
Press: ? - help, Shift-Dir - straight line, f - Grinder
Aim: Grinder (68% to hit)
The sting hits Grinder.
Grinder partially resists.
Grinder is lightly wounded.
Grinder gestures at you. Pain shoots through your body!
* * * LOW HITPOINT WARNING * * *
The wizard is engulfed in blazing flames.
It was a potion of lignification.
You turn into a tree.
Your roots penetrate the ground.
Grinder hits you but does no damage.
The wizard is engulfed in blazing flames.
It was a potion of might.
You feel very mighty all of a sudden. Grinder hits you.
* * * LOW HITPOINT WARNING * * *
You writhe in agony.
You die...
Grinder says, "Now the real fun starts!"

##### #...# ###.#.#
########...#♣#
#........###5#
#.......<# ...
.........#.._..
#........#.....#
#####........#.###.#
...##.....(..#.#p#.#
...######...##.###.#
...# #...##


You could see a wizard (unsilenced, mute) and Grinder.

Vanquished Creatures
  Robin (D:3)
  2 ribbon worms
  A dart slug (D:1)
  5 bats (D:1)
  10 giant cockroaches
  7 goblins
  7 hobgoblins
  2 ball pythons
  4 frilled lizards (D:1)
  2 kobolds (D:1)
  4 rats
45 creatures vanquished.

Notes
Turn   | Place    | Note
-------+----------+-------------------------------------------
     0 | D:1      | PriceMaster the Octopode Alchemist began the quest for the
                  | Orb.
     0 | D:1      | Reached XP level 1. HP: 11/11 MP: 3/3
   173 | D:1      | Reached XP level 2. HP: 14/17 MP: 5/5
   905 | D:2      | Reached XP level 3. HP: 21/21 MP: 6/6
   917 | D:2      | Learned a level 3 spell: Mephitic Cloud
  1141 | D:2      | HP: 1/22 [ribbon worm (6)]
  1394 | D:2      | You fall into a shaft and drop 1 floor!
  1418 | D:3      | Noticed Robin
  1446 | D:3      | Killed Robin
  1447 | D:3      | Reached XP level 4. HP: 15/27 MP: 1/7
  1449 | D:3      | Reached skill level 4 in Alchemy
  1795 | D:3      | Found a bloodstained altar of Trog.
  1796 | D:3      | Noticed a wizard
  1796 | D:3      | Noticed Grinder
  1801 | D:3      | HP: 1/40 [Grinder (5)]
  1801 | D:3      | Slain by Grinder

Illustrated notes

Levels and vault maps discovered:
D:1:      evilmike_arrival_crescent, layout_loops_ring
D:2:      layout_loops_corners, minmay_worlds_worst_comb
D:3:      layout_basic, trog_wizard, nicolae_figureground_sparkle, uniq_terence,
          uniq_robin, uniq_grinder, uniq_natasha

Skill      XL: |  1  2  3  4 |
---------------+-------------+-----
Stealth        | 3 |  3.4
Alchemy        | 4 |  4.0
Fighting       | |  0.8
Maces & Flails | |  0.7
Dodging        | |  2.4
Unarmed Combat | |  0.1
Spellcasting   | |  2.3
Conjurations   | |  1.3

Action                     |  1- 3 |  4- 6 || total
---------------------------+-------+-------++-------
  Melee: Mace              |    36 |     3 ||    39
         Unarmed           |     3 |       ||     3
         Constrict         |     9 |     1 ||    10
         Tentacles         |     3 |       ||     3
   Cast: Sting             |    38 |     5 ||    43
         Mephitic Cloud    |     1 |       ||     1
    Use: Potion            |     1 |     2 ||     3
   Stab: Sleeping          |     2 |       ||     2
 Armour: Skin              |    34 |     3 ||    37
  Dodge: Dodged            |    49 |     2 ||    51
